Map: 国王藏宝地-天梯版

Players

DnS - Winner!

  • Race: Protoss Protoss

Bly

  • Race: Zerg Zerg

Event: WESG 2018 Grand Finals

VOD

Have the link to the VOD?

Description

Time

  • Played on: March 12, 2019, 12:22 a.m.
  • Length: 10:34

All games in this series

Show
View Real Time Build Order
Export as new Build Order

DnS Protoss - Winner!

Build Orders: Archon Immortal, Archon Drop, Dark Templar Rush 

Get SALT Encoding   

  12  0:00  Probe  
  13  0:12  Probe  
  14  0:18  Pylon  
  14  0:24  Probe  
  15  0:32  Probe  
  15  0:39  Gateway  
  15  0:40  Probe  
  16  0:48  Assimilator  
  17  0:51  Probe  
  18  1:03  Probe  
  19  1:15  Probe  
  19  1:17  Zealot  
  20  1:27  Cybernetics Core  
  20  1:32  Pylon  
  22  1:33  Probe  
  23  1:50  Probe  
  24  2:02  Probe  
  24  2:04  Adept  
  27  2:19  Probe  
  27  2:21  Warp Gate  
  27  2:22  Assimilator  
  28  2:25  Nexus  
  28  2:32  Probe  
  29  2:37  Pylon  
  29  2:42  Probe  
  30  2:50  Probe  
  30  2:56  Twilight Council  
  31  2:58  Probe  
  31  3:05  Stalker  
  34  3:10  Probe  
  33  3:20  Probe  
  33  3:24  Robotics Facility  
  34  3:28  Probe  
  35  3:34  Probe  
  35  3:36  Probe  
  37  3:42  Probe  
  37  3:45  Gateway  
  38  3:48  Dark Shrine, Probe  
  38  3:52  Probe  
  40  4:00  Warp Prism  
  40  4:01  Probe  
  41  4:04  Gateway  
  41  4:05  Gateway  
  41  4:15  Assimilator  
  41  4:17  Probe, Assimilator  
  43  4:20  Probe  
  43  4:24  Adept  
  47  4:29  Probe  
  48  4:31  Warp Prism  
  48  4:33  Probe  
  48  4:34  Pylon  
  49  4:39  Pylon  
  51  4:48  Probe  
  51  4:50  Probe  
  53  5:02  Dark Templar x3  
  53  5:06  Dark Templar  
  59  5:08  Probe x2  
  59  5:35  Probe  
  60  5:37  Stalker  
  60  5:38  Zealot x2  
  60  5:40  Probe  
  67  5:43  Pylon, Archon x2  
  67  5:45  Dark Templar  
  69  5:58  Probe  
  69  6:01  Pylon, Probe  
  71  6:11  Forge  
  71  6:16  Probe  
  72  6:20  Dark Templar x4  
  72  6:21  Observer  
  72  6:24  Archon  
  72  6:25  Archon  
  78  6:28  Protoss Ground Weapons Level 1  
  78  6:31  Probe x2  
  81  6:38  Immortal  
  81  6:41  Nexus  
  81  6:43  Probe  
  81  6:45  Pylon  
  86  6:51  Charge  
  86  6:57  Pylon  
  86  7:03  Probe x2  
  88  7:16  Probe x2  
  90  7:24  Gateway  
  90  7:26  Gateway, Immortal  
  90  7:27  Gateway  
  90  7:28  Probe x2  
  90  7:29  Gateway  
  96  7:40  Probe x2  
  98  7:44  Pylon  
  98  7:52  Probe x2  
  98  7:54  Immortal  
  98  7:57  Probe  
  101  7:59  Assimilator  
  101  8:00  Assimilator  
  101  8:02  Sentry x4  
  101  8:04  Probe x2  
  115  8:21  Pylon  
  115  8:22  Pylon  
  115  8:24  Pylon  
  115  8:25  Zealot, Dark Templar x2  
  115  8:26  Zealot  
  123  8:32  Archon  
  123  8:34  Immortal  
  123  8:35  Dark Templar  
  123  8:37  Pylon  
  123  8:38  Pylon  
  129  8:43  Zealot x2, Dark Templar  
  135  8:49  Archon, Photon Cannon  
  135  8:50  Pylon  
  135  8:55  Zealot x2  
  139  9:05  Zealot x4  
  147  9:17  Zealot x4  
  147  9:19  Photon Cannon  
  155  9:36  Zealot x4  
  163  9:47  Photon Cannon  
  163  9:49  Photon Cannon  
  163  9:52  Stalker x4  
  160  10:06  Stalker x4  
  140  10:17  Stalker x4  
Show
View Real Time Build Order
Export as new Build Order

Bly Zerg 

Build Orders: 3 Hatch before Pool 

Get SALT Encoding   

  12  0:01  Drone  
  13  0:13  Overlord  
  13  0:19  Drone  
  14  0:33  Drone x2  
  16  0:52  Hatchery  
  15  0:57  Drone x2  
  17  1:21  Hatchery  
  17  1:23  Drone  
  17  1:27  Drone  
  18  1:37  Extractor  
  17  1:42  Spawning Pool  
  17  1:46  Drone  
  17  1:48  Drone  
  17  1:52  Drone  
  19  1:57  Drone  
  20  2:02  Evolution Chamber  
  20  2:05  Drone  
  20  2:07  Drone  
  23  2:28  Hatchery, Drone  
  23  2:30  Queen  
  23  2:32  Queen  
  27  2:41  Metabolic Boost  
  27  2:43  Overlord  
  27  2:51  Zergling x2  
  27  2:55  Extractor  
  27  2:57  Zergling x2  
  28  3:02  Overlord  
  28  3:16  Spore Crawler  
  27  3:22  Drone x6  
  33  3:35  Drone x2  
  33  3:40  Drone  
  37  3:41  Drone x3  
  37  3:44  Queen  
  41  3:49  Drone x2  
  41  3:51  Drone x2  
  45  3:57  Lair  
  45  3:59  Drone  
  46  4:03  Overlord  
  46  4:11  Extractor  
  46  4:12  Extractor  
  46  4:13  Drone x2  
  46  4:14  Roach Warren  
  46  4:15  Drone  
  46  4:20  Zergling x4  
  46  4:22  Zergling x2  
  49  4:27  Drone  
  49  4:28  Drone x3  
  53  4:32  Overlord  
  53  4:36  Overlord  
  53  4:37  Overlord  
  53  4:44  Overlord  
  53  4:59  Roach x6  
  65  5:00  Overseer  
  65  5:05  Roach  
  65  5:06  Roach x2  
  69  5:09  Spore Crawler  
  61  5:30  Queen x2  
  61  5:32  Drone x7  
  70  5:36  Spore Crawler  
  69  5:44  Drone  
  69  5:45  Overlord, Drone x3  
  73  5:55  Glial Reconstitution  
  73  5:57  Roach x3  
  76  6:06  Drone  
  76  6:14  Overlord  
  76  6:16  Drone x4  
  80  6:18  Overlord  
  80  6:20  Overlord  
  76  6:26  Overlord  
  76  6:32  Drone x3  
  76  6:39  Extractor  
  73  6:40  Drone x4  
  73  6:41  Drone  
  73  6:44  Drone  
  79  6:52  Drone x5  
  79  7:10  Overlord  
  79  7:13  Drone  
  79  7:14  Drone x4  
  80  7:16  Spire  
  80  7:21  Roach  
  77  7:28  Roach  
  77  7:29  Roach x5  
  89  7:34  Roach  
  91  7:42  Roach x2  
  95  7:44  Spire  
  91  7:53  Roach x3  
  95  8:08  Drone  
  95  8:09  Overlord  
  95  8:12  Roach x2  
  98  8:14  Overlord  
  98  8:16  Overlord  
  98  8:18  Extractor  
  97  8:20  Overlord x2  
  97  8:24  Overlord  
  97  8:26  Overlord  
  97  8:28  Hatchery  
  97  8:29  Overlord  
  97  8:32  Overlord  
  96  8:39  Overseer  
  102  8:44  Extractor  
  102  8:47  Overlord  
  102  8:48  Overlord  
  101  8:52  Overlord  
  99  9:01  Roach  
  99  9:02  Roach x2  
  95  9:05  Mutalisk x2  
  95  9:06  Mutalisk  
  99  9:11  Mutalisk x3  
  103  9:18  Ravager x4  
  103  9:19  Ravager  
  103  9:20  Ravager x3  
  103  9:21  Roach x2  
  115  9:24  Roach  
  115  9:25  Roach x2  
  115  9:26  Roach  
  123  9:32  Spine Crawler  
  123  9:33  Roach x4  
  127  9:50  Roach x8  
  115  10:00  Roach x3  
Tags
 
Add a new tag
Caveats
  • Supply blocks, unpowered buildings, or Contaminate may cause inaccurate times.
  • Supply counts are checked every 10 seconds.